 Dungeon Crawl Stone Soup version 0.22.1-1-ga44c0e5 (webtiles) character file.

6178 suicidejoker the Fighter (level 10, -4/107 HPs)
             Began as a Deep Dwarf Fighter on Oct 15, 2018.
             Was an Initiate of Gozag.
             Slain by a two-headed ogre
             ... wielding a +0 giant spiked club
              (23 damage)
             ... on level 9 of the Dungeon.
             The game lasted 00:26:59 (6949 turns).

suicidejoker the Fighter (Deep Dwarf Fighter)       Turns: 6949, Time: 00:27:00

Health: -4/107     AC: 16    Str: 20    XL:     10   Next: 60%
Magic:  7/7        EV:  5    Int:  9    God:    Gozag
Gold:   320        SH: 15    Dex: 15    Spells: 9/9 levels left

rFire    . . .     SeeInvis .   o - +8 hand axe (elec)
rCold    . . .     Gourm    .   c - +4 shield
rNeg     . . .     Faith    .   Q - +0 plate armour
rPois    +         Spirit   .   (no helmet)
rElec    .         Reflect  .   F - scarf {repulsion}
rCorr    .         Harm     .   T - +0 pair of gloves
MR       +....                  (no boots)
Stlth    ..........             (no amulet)
HPRegen  0.00/turn              U - ring of poison resistance
MPRegen  0.10/turn              E - ring of poison resistance

@: gold aura, non-regenerating, repel missiles
A: damage resistance, heal wounds, molten scales 1, blurry vision 1, sense
surroundings 2, robust 1, no regeneration
a: Heal Wounds, Potion Petition, Call Merchant, Bribe Branch, Renounce Religion


You were on level 9 of the Dungeon.
You worshipped Gozag.
Gozag was aware of your devotion.
You were hungry.

You visited 1 branch of the dungeon, and saw 9 of its levels.
You also visited: Sewer.

You collected 2163 gold pieces.
You spent 789 gold pieces at shops.
You paid 1054 gold pieces to Gozag.

Inventory:

Hand Weapons
 a - a +0 long sword
 e - a +1 quarterstaff of holy wrath
 o - a +8 hand axe of electrocution (weapon)
 I - a +2 flail of holy wrath
 N - a cursed -3 flail
 O - a +0 flail of holy wrath
 P - a +1 mace of crushing
Missiles
 i - 382 stones (quivered)
 p - 5 javelins
 q - 107 bolts
 y - 10 tomahawks
Armour
 c - a +4 shield (worn)
 n - a +0 chain mail of cold resistance
 z - a +1 scale mail of fire resistance
 B - a +0 helmet
 F - a scarf of repulsion (worn)
 Q - a +0 plate armour (worn)
 T - a +0 pair of gloves (worn)
Jewellery
 t - an uncursed ring of fire
 E - a ring of poison resistance (right hand)
 U - a ring of poison resistance (left hand)
Wands
 d - a wand of digging (24)
 D - a wand of random effects (65)
 G - a wand of flame (24)
 J - a wand of acid (19)
 M - a wand of clouds (2)
 R - a wand of paralysis (11)
Scrolls
 b - 2 scrolls of identify
 h - a scroll of amnesia
 j - 2 scrolls of remove curse
 k - 9 scrolls of fog
 l - a scroll of magic mapping
 m - 6 scrolls of blinking
 r - 9 scrolls of teleportation
 S - 3 scrolls of fear
Potions
 g - 4 potions of curing
 s - 3 potions of magic
 u - 2 potions of might
 v - 4 potions of heal wounds
 w - a potion of brilliance
 x - 3 potions of lignification
 A - a potion of flight
 C - 2 potions of haste
 K - 2 potions of berserk rage
 L - a potion of resistance
Comestibles
 f - 9 rations


   Skills:
 * Level 8.6 Fighting
 - Level 5.1 Long Blades
 * Level 5.9 Axes
 + Level 7.4 Armour
 + Level 7.8 Stealth
 + Level 7.5 Shields
 + Level 4.9 Evocations


You had 9 spell levels left.
You didn't know any spells.
Your spell library contained the following spells:

 Spells                   Type           Power        Failure   Level  Hunger
 Beastly Appendage        Tmut           #.....       100%        1    ##.....
 Flame Tongue             Conj/Fire      #....        100%        1    ##.....
 Magic Dart               Conj           #...         100%        1    ##.....
 Blink                    Tloc           N/A          100%        2    ###....
 Call Imp                 Summ           #.......     100%        2    ###....
 Slow                     Hex            #.......     100%        2    ###....
 Sticks to Snakes         Tmut           #.......     100%        2    ###....
 Throw Flame              Conj/Fire      #.....       100%        2    ###....
 Conjure Flame            Conj/Fire      #.......     100%        3    ####...
 Inner Flame              Hex/Fire       #.......     100%        3    ####...
 Mephitic Cloud           Conj/Pois/Air  #.......     100%        3    ####...
 Spider Form              Tmut/Pois      #.........   100%        3    ####...
 Ice Form                 Ice/Tmut       #.......     100%        4    #####..
 Sticky Flame             Conj/Fire      #.......     100%        4    #####..
 Blade Hands              Tmut           #.........   100%        5    ######.
 Fireball                 Conj/Fire      #.........   100%        5    ######.


Dungeon Overview and Level Annotations

Branches:
Dungeon (9/15)             Temple (0/1) D:4             Orc (0/2) D:9
   Lair: D:8-11

Altars:
Dithmenos
Gozag
Hepliaklqana
Nemelex Xobeh
Qazlal
Sif Muna
Uskayaw

Shops:
D:6 ??**?   D:7 ?


Innate Abilities, Weirdness & Mutations

You are resistant to damage.
You can heal yourself by infusing magical energy.
You passively map the area around you.
You do not regenerate.
You are partially covered in molten scales. (AC +2)
Scrolls take you a little longer to read.
You are robust. (+10% HP)


Message History

Evoke which item? (* to show all) (? for menu, Esc to quit)
Aiming: Corrosive Bolt
Press: ? - help, Shift-Dir - straight line, f/p - orc warrior
Aim: an orc warrior, wielding a mace and wearing a chain mail (heavily wounded, The bolt of acid hits the two-headed ogre.
The two-headed ogre is splashed with acid.
The acid corrodes the two-headed ogre!
The two-headed ogre is moderately wounded.
The bolt of acid hits the orc.
The orc is splashed with acid.
The acid corrodes the orc!
You kill the orc!
The bolt of acid hits the orc warrior.
The orc warrior is splashed with acid.
You kill the orc warrior!
You block the two-headed ogre's attack. x2
You hit the two-headed ogre.
Lightning courses through the two-headed ogre!
The two-headed ogre is heavily wounded.
The two-headed ogre hits you with a giant spiked club!!
You die...
Your body crumbles into a pile of gold.

, * ####.# * #.#####*
##....####### .......
#...........# .....$.
#...........# ,,* **
....... #...........#
.......* ####...........#
, *.......*
##..'...........# ,, *
......o###..##...........#
,*
......o$O@.###...).......#
* *$.<....#####
###)######### *.......
#.### *####.## #...## #.,
###..# ## #######+#####
##.# .#####...........#
######'#####
.'..##...........#
*#..........#
.##.##...........+
#..........#


You could see a two-headed ogre, an orc wizard and an orc.

Vanquished Creatures
  A two-headed ogre (D:9)
  Joseph (D:7)
  Grinder (D:3)
  2 hippogriffs (D:8)
  4 yaks (D:9)
  A hungry ghost (D:7)
  A steam dragon (D:8)
  Duvessa (D:5)
  6 orc warriors
  An ice beast (D:6)
  A sky beast (D:3)
  5 ogres
  4 centaurs
  A crocodile (D:7)
  Blork the orc (D:5)
  9 bullfrogs
  Dowan (D:5)
  A scorpion (D:6)
  3 crimson imps
  7 orc priests
  6 orc wizards
  3 bullfrog skeletons
  2 hounds (D:7)
  2 jellies (D:7)
  A centaur skeleton (D:4)
  Jessica (D:6)
  Terence (D:2)
  Natasha (D:2)
  2 iguanas
  6 worker ants
  2 hound zombies
  2 hound skeletons
  A worker ant zombie (D:8)
  6 river rats
  14 adders
  4 shadow imps
  An ooze (D:3)
  2 adder skeletons
  3 worms
  3 dart slugs
  4 leopard geckos
  39 orcs
  13 ball pythons
  A bat (D:3)
  7 giant cockroaches
  3 goblins
  5 hobgoblins
  11 jackals
  5 quokkas
  9 frilled lizards
  4 kobolds
  26 rats
242 creatures vanquished.

Vanquished Creatures (others)
  An orc (D:8)
1 creature vanquished.

Grand Total: 243 creatures vanquished

Notes
Turn   | Place    | Note
-------+----------+-------------------------------------------
     0 | D:1      | suicidejoker the Deep Dwarf Fighter began the quest for the
                  | Orb.
     0 | D:1      | Reached XP level 1. HP: 20/20 MP: 1/1
   523 | D:2      | Reached XP level 2. HP: 27/27 MP: 2/2
   542 | D:2      | Noticed Natasha
   543 | D:2      | Found an opulent altar of Gozag.
   545 | D:2      | Noticed Terence
   548 | D:2      | Killed Natasha
   548 | D:2      | Reached skill level 3 in Fighting
   548 | D:2      | Reached skill level 1 in Stealth
   548 | D:2      | Reached XP level 3. HP: 34/34 MP: 3/3
   552 | D:2      | Killed Terence
   565 | D:2      | Became a worshipper of Gozag Ym Sagoz the Greedy
   645 | D:2      | Reached XP level 4. HP: 38/42 MP: 4/4
  1042 | D:2      | Found a hazy altar of Hepliaklqana.
  1050 | D:2      | Noticed a centaur
  1075 | D:2      | Killed a centaur
  1075 | D:2      | Reached XP level 5. HP: 20/50 MP: 5/5
  1608 | D:3      | Noticed a sky beast
  1613 | D:3      | Gained mutation: You are robust. (+10% HP) [potion of
                  | mutation]
  1613 | D:3      | Gained mutation: Scrolls take you a little longer to read.
                  | [potion of mutation]
  1613 | D:3      | Gained mutation: You are partially covered in molten
                  | scales. (AC +2) [potion of mutation]
  1619 | D:3      | Killed a sky beast
  1619 | D:3      | Reached skill level 4 in Fighting
  1659 | D:3      | Found a sparkling altar of Nemelex Xobeh.
  1732 | D:3      | Reached XP level 6. HP: 33/62 MP: 6/6
  1856 | D:3      | Found a glowing drain.
  1941 | D:3      | Noticed Grinder
  1992 | D:3      | Paralysed by Grinder for 5 turns
  1998 | D:3      | Killed Grinder
  2005 | Sewer    | Entered a sewer
  2159 | Sewer    | Reached XP level 7. HP: 20/72 MP: 5/5
  2430 | Sewer    | Reached skill level 5 in Fighting
  2443 | Sewer    | Reached skill level 5 in Shields
  3118 | D:4      | Found a staircase to the Ecumenical Temple.
  3200 | D:4      | Reached skill level 5 in Armour
  3384 | D:4      | Reached XP level 8. HP: 44/82 MP: 5/5
  3778 | D:5      | Entered Level 5 of the Dungeon
  3785 | D:5      | Found a shadowy altar of Dithmenos.
  3844 | D:5      | Noticed Blork the orc
  3868 | D:5      | Killed Blork the orc
  4064 | D:5      | Noticed Duvessa
  4083 | D:5      | Noticed Dowan
  4096 | D:5      | Killed Duvessa
  4096 | D:5      | Reached skill level 6 in Fighting
  4096 | D:5      | Reached skill level 5 in Stealth
  4100 | D:5      | Killed Dowan
  4461 | D:6      | Found Puptuo Sahi's General Store.
  4669 | D:6      | Found Uhymoakh's Magic Scroll Shop.
  4692 | D:6      | Reached skill level 5 in Long Blades
  4845 | D:6      | Found Qauraschu's Magic Scroll Emporium.
  4874 | D:6      | Gained mutation: You passively map the area around you.
                  | [Deep Dwarf growth]
  4874 | D:6      | Reached XP level 9. HP: 22/93 MP: 5/5
  4930 | D:6      | Found Yrierph's General Store.
  4933 | D:6      | Bought a scroll of enchant weapon for 105 gold pieces
  4933 | D:6      | Bought a potion of heal wounds for 70 gold pieces
  4933 | D:6      | Bought a scroll of enchant armour for 105 gold pieces
  4933 | D:6      | Bought a scroll of enchant weapon for 105 gold pieces
  5009 | D:6      | Found Paenus's Magic Scroll Boutique.
  5013 | D:6      | Bought a scroll of enchant weapon for 105 gold pieces
  5013 | D:6      | Bought a scroll of enchant armour for 105 gold pieces
  5207 | D:6      | Noticed Jessica
  5215 | D:6      | Killed Jessica
  5229 | D:6      | Found a deep blue altar of Sif Muna.
  5300 | D:7      | Reached skill level 1 in Axes
  5311 | D:7      | Reached skill level 7 in Fighting
  5311 | D:7      | Reached skill level 1 in Evocations
  5479 | D:7      | Noticed Joseph
  5495 | D:7      | Killed Joseph
  5571 | D:7      | Found Ohyel's Magic Scroll Shoppe.
  5577 | D:7      | Bought a scroll of enchant weapon for 97 gold pieces
  5577 | D:7      | Bought a scroll of enchant weapon for 97 gold pieces
  6079 | D:8      | Reached XP level 10. HP: 19/105 MP: 6/6
  6297 | D:8      | Reached skill level 8 in Fighting
  6655 | D:9      | Found a staircase to the Orcish Mines.
  6655 | D:9      | Noticed a two-headed ogre
  6664 | D:9      | Killed a two-headed ogre
  6664 | D:9      | Reached skill level 5 in Axes
  6847 | D:9      | Found a hide-covered altar of Uskayaw.
  6848 | D:9      | Found a stormy altar of Qazlal.
  6942 | D:9      | Noticed a two-headed ogre
  6949 | D:9      | Slain by a two-headed ogre

Skill      XL: |  1  2  3  4  5  6  7  8  9 10 |
---------------+-------------------------------+-----
Fighting       | 3 4 5 6 7 8 |  8.6
Stealth        | 1 2 3 4 5 7 |  7.8
Armour         | 4 5 6 7 |  7.4
Shields        | 4 5 6 7 |  7.5
Long Blades    | 3 4 5 |  5.1
Axes           | 4 5 |  5.9
Evocations     | 3 4 |  4.9

Action                   |  1- 3 |  4- 6 |  7- 9 | 10-12 || total
-------------------------+-------+-------+-------+-------++-------
Melee: Long sword        |    31 |   213 |   547 |       ||   791
       Hand axe          |       |       |   139 |   104 ||   243
Throw: Stone             |       |     5 |       |       ||     5
Invok: Potion Petition   |       |       |     3 |     1 ||     4
 Abil: Heal Wounds       |       |     3 |    15 |     2 ||    20
Evoke: Wand              |       |       |     9 |     2 ||    11
  Use: Potion            |     1 |     8 |     2 |       ||    11
       Scroll            |       |     6 |    14 |     2 ||    22
 Stab: Distracted        |       |     1 |     2 |     3 ||     6
  Eat: Ration            |       |     1 |     5 |     1 ||     7
Armor: Scale mail        |    17 |     2 |    60 |       ||    79
       Chain mail        |       |   135 |   490 |       ||   625
       Plate armour      |       |       |     9 |    37 ||    46
Dodge: Dodged            |    16 |    55 |   191 |    17 ||   279
       Deflected         |       |       |     3 |       ||     3
Block: Shield            |    24 |   130 |   538 |    61 ||   753
       Rpst.: Long sword |     7 |    19 |    45 |       ||    71
